 Dungeon Crawl Stone Soup version 0.32-a0-43-g058985b245 (webtiles) character file.

Game seed: 5257429608974399786

213 MeridiaMaster the Changeling (level 5, 44/44 HPs)
             Began as a Naga Shapeshifter on Feb 4, 2024.
             Quit the game on level 3 of the Dungeon.
             The game lasted 00:27:52 (2381 turns).

MeridiaMaster the Changeling (Naga Shapeshifter)    Turns: 2381, Time: 00:27:52

Health: 44/44      AC:  3    Str: 19    XL:     5   Next: 90%
Magic:  5/5        EV: 19    Int: 10    God:
Gold:   73         SH:  0    Dex: 10    Spells: 4/4 levels left

rFire   . . .        s - +4 flail (protect)
rCold   . . .        (no shield)
rNeg    . . .        y - +0 leather armour
rPois   +            (helmet currently unavailable)
rElec   .            (cloak currently unavailable)
rCorr   .            (gloves currently unavailable)
SInv    +            (no barding)
Will    .....        k - amulet of regeneration
Stlth   +            g - +5 ring of evasion
HPRegen 1.07/turn    u - +5 ring of evasion
MPRegen 0.09/turn

%: no passive effects
@: beast-form, very slow
A: beast (slay +2), AC +1, large, see invisible, deformed body, poison
resistance, slowness 2, spit poison 1, naga tail 1
a: Spit Poison, Begin Untransformation


You were on level 3 of the Dungeon.
You were a hulking beast.
You visited 1 branch of the dungeon, and saw 3 of its levels.

You collected 73 gold pieces.

Inventory:

Hand Weapons
 j - a +0 spear
 m - a +0 whip
 n - a +0 flail
 q - a +0 halberd
 r - a +0 mace
 s - a +4 flail of protection (weapon)
 v - a +2 dagger of protection
 x - a +3 dagger
Missiles
 i - 9 stones
 l - 2 throwing nets
Armour
 a - a +0 animal skin
 y - a +0 leather armour (worn)
Jewellery
 g - a +5 ring of evasion (left hand)
 k - an amulet of regeneration (around neck)
 u - a +5 ring of evasion (right hand)
Talismans
 c - a beast talisman (active)
 d - a flux talisman
Scrolls
 e - 2 scrolls of identify {unknown}
 o - a scroll of noise {unknown}
 w - a scroll of vulnerability {unknown}
Potions
 b - a potion of lignification
 f - a potion of cancellation {unknown}
 h - a potion of curing {unknown}
 p - a potion of might {unknown}


   Skills:
 + Level 1.5 Fighting
 + Level 1.8 Short Blades
 + Level 0.4 Polearms
 + Level 1.8 Armour
 + Level 2.4 Dodging
 + Level 0.2 Stealth
 + Level 3.5 Unarmed Combat
 + Level 3.8 Shapeshifting


You had 4 spell levels left.
You didn't know any spells.
Your spell library was empty.

Dungeon Overview and Level Annotations

Branches:
Dungeon (3/15)

Altars:
Cheibriados

Shops:
D:1 (


Innate Abilities, Weirdness & Mutations

You are a hulking beast.
Your limbs bulge with bestial killing power. (Slay +2)
Your serpentine skin is tough. (AC +1)
You have supernaturally acute eyesight. (SInv)
Armour fits poorly on your strangely shaped body.
Your system is resistant to poisons. (rPois)
You cover ground very slowly.
You can spit poison.
You have a snake-like lower body.


Message History

You hit the gnoll.
The gnoll is moderately wounded.
The gnoll misses you.
You hit the gnoll.
The gnoll is heavily wounded.
The gnoll closely misses you.
You hit the gnoll but do no damage.
The gnoll is heavily wounded.
The gnoll closely misses you.
You hit the gnoll.
The gnoll is severely wounded.
The gnoll hits you with a +0 spear.
You hit the gnoll.
You kill the gnoll!
Things that are here:
a +0 spear; a gnoll corpse
Things that are here:
a +4 flail of protection; a gnoll corpse
s - a +4 flail of protection You see here a gnoll corpse.
There are no objects that can be picked up here. a gnoll corpse
There are no objects that can be picked up here. a gnoll corpse Unknown command.
Your +2 dagger of protection goes still.
You are now empty-handed.
Your +4 flail of protection hums with potential!
s - a +4 flail of protection (weapon)
Okay, then.
Unknown command.
Unknown command.
Unknown command.
Why would you want to do that?
There is a snail-covered altar of Cheibriados here.
You coil in front of the altar of Cheibriados.
Saving game... please wait.
Welcome back, MeridiaMaster the Naga Shapeshifter.
Press ? for a list of commands and other information.
Are you sure you want to abandon this character and quit the game? (Confirm with "yes".)

#.##.....####
##.##..####
##...#..#########
####...............#
.........≈≈≈≈≈≈≈≈≈.###
###.....≈...§§§.≈...
##>..†≈.≈§≈§≈.≈.# #
##...≈)≈.§.≈.≈.#.#.
##..≈§§.h.≈.≈.....
##...≈...≈.≈.##
#.≈.≈≈≈≈..≈.#
#.≈.......≈.#
#..≈≈≈≈≈≈≈≈≈..#
#................
#.##.##.########.
#.......# ####.####


There were no monsters in sight!

Vanquished Creatures
  A gnoll bouda (D:3)
  A hound (D:2)
  8 gnolls
  3 adders (D:2)
  2 ribbon worms (D:2)
  7 ball pythons
  3 endoplasms
  A giant cockroach (D:2)
  3 goblins
  2 hobgoblins (D:2)
  3 jackals (D:1)
  4 quokkas
  4 bats
  2 frilled lizards
  5 kobolds
  6 rats
55 creatures vanquished.

Notes
Turn   | Place    | Note
-------+----------+-------------------------------------------
     0 | D:1      | MeridiaMaster the Naga Shapeshifter began the quest for the
                  | Orb.
     0 | D:1      | Reached XP level 1. HP: 18/18 MP: 1/1
   264 | D:1      | Reached XP level 2. HP: 8/25 MP: 2/2
   509 | D:1      | Found Dydizepp's Weapon Shop.
   648 | D:1      | Reached XP level 3. HP: 27/31 MP: 3/3
  1724 | D:2      | Reached XP level 4. HP: 38/38 MP: 4/4
  1886 | D:2      | Reached skill level 1 in Short Blades
  2236 | D:3      | Reached XP level 5. HP: 44/44 MP: 5/5
  2248 | D:3      | Reached skill level 1 in Armour
  2310 | D:3      | Found a snail-covered altar of Cheibriados.
  2381 | D:3      | Quit the game

Illustrated notes

Levels and vault maps discovered:
D:1:      dpeg_arrival_court, layout_basic, serial_shops,
          nicolae_shop_bloodbath_and_beyond
D:2:      layout_loops_corners, minmay_unequal
D:3:      layout_loops_ring, mainiacjoe_overflow_concentric_impassable

Skill      XL: |  1  2  3  4  5 |
---------------+----------------+-----
Dodging        | 2 |  2.4
Short Blades   | 1 |  1.8
Armour         | 1 |  1.8
Fighting       | |  1.5
Polearms       | |  0.4
Stealth        | |  0.2
Unarmed Combat | |  3.5
Shapeshifting  | |  3.8

Action                     |  1- 3 |  4- 6 || total
---------------------------+-------+-------++-------
  Melee: Unarmed           |    21 |       ||    21
         Spear             |    35 |       ||    35
         Punch             |     1 |     7 ||     8
         Dagger            |    53 |   114 ||   167
Ability: Spit Poison       |     6 |     2 ||     8
 Armour: Animal skin       |    30 |       ||    30
         Leather armour    |    16 |    47 ||    63
  Dodge: Dodged            |    99 |   150 ||   249
   Form: Beast             |     1 |       ||     1

Table legend: (Time is in decaauts)
 A = Elapsed time spent in this place.
 B = Non-inter-level travel time spent in this place.
 C = Inter-level travel time spent in this place.
 D = Time resting spent in this place.
 E = Time spent auto-exploring this place.
 F = Levels seen in this place.
 G = Mean time per level.
                   A        B        C        D        E       F      G
               +--------+--------+--------+--------+--------+-----+--------+
         Total |   3088 |   3088 |      0 |    257 |    364 |   3 | 1029.3 |
       Dungeon |   3088 |   3088 |      0 |    257 |    364 |   3 | 1029.3 |
               +--------+--------+--------+--------+--------+-----+--------+

Top non-repeatable levels by time:
     D:2: 1482 daAuts
     D:1: 1345 daAuts
     D:3: 260 daAuts
